 Dungeon Crawl Stone Soup version 0.26.1-2-gb8aa6d0cf2 (webtiles) character file.

Game seed: 13103512498858918305

73 Qrupt the Sneak (level 4, -8/27 HPs)
             Began as an Octopode Fire Elementalist on Mar 11, 2021.
             Mangled by Crazy Yiuf
             ... wielding a +2 quarterstaff of chaos
              (17 damage)
             ... on level 2 of the Dungeon.
             The game lasted 00:04:25 (2294 turns).

Qrupt the Sneak (Octopode Fire Elementalist)        Turns: 2294, Time: 00:04:26

Health: -8/27      AC:  1    Str:  7    XL:     4   Next: 27%
Magic:  5/7        EV: 14    Int: 18    God:
Gold:   116        SH:  0    Dex: 12    Spells: 3/8 levels left

rFire    . . .     SeeInvis .   g - -2 dagger (curse)
rCold    . . .     Faith    .   (no shield)
rNeg     . . .     Spirit   .   (helmet restricted)
rPois    .         Reflect  .   (no amulet)
rElec    .         Harm     .   (no ring)
rCorr    .         Rampage  .   (no ring)
Will     .....                  (no ring)
Stlth    +++.......             (no ring)
HPRegen  0.09/turn              (no ring)
MPRegen  0.10/turn              (no ring)
                                (no ring)
                                (no ring)

@: lethally poisoned (-8 -> -19)
A: almost no armour, stealthy swim, amphibious, 8 rings, constrict 8, camouflage
1, gelatinous body 1
a: no special abilities


You were on level 2 of the Dungeon.
You visited 1 branch of the dungeon, and saw 2 of its levels.

You collected 116 gold pieces.

Inventory:

Hand Weapons
 g - a cursed -2 dagger (weapon)
Jewellery
 b - an uncursed ring of resist corrosion {unknown}
Scrolls
 a - 3 scrolls of identify {unknown}
 c - 2 scrolls of remove curse {unknown}
 d - a scroll of magic mapping {unknown}
 e - a scroll of amnesia {unknown}
Potions
 f - a potion of resistance {unknown}
 h - a potion of flight {unknown}


   Skills:
 + Level 2.6 Dodging
 + Level 3.6 Stealth
 + Level 2.5 Spellcasting
 + Level 1.9 Conjurations
 + Level 3.4 Fire Magic


You had 3 spell levels left.
You knew the following spells:

 Your Spells              Type           Power        Failure   Level
a - Foxfire               Conj/Fire      48%          5%          1
b - Sticky Flame          Conj/Fire      12%          50%         4

Your spell library contained the following spells:

 Spells                   Type           Power        Failure   Level
 Conjure Flame            Conj/Fire      12%          17%         3
 Inner Flame              Hex/Fire       8%           26%         3
 Fireball                 Conj/Fire      6%           83%         5


Dungeon Overview and Level Annotations

Branches:
Dungeon (2/15)

Altars:

Annotations:
D:2 Crazy Yiuf, Sigmund


Innate Abilities, Weirdness & Mutations

You cannot wear most types of armour.
You are very stealthy in the water. (Stealth+)
You are amphibious.
You can wear up to eight rings at the same time.
You can use your tentacles to constrict eight enemies at once.
Your skin changes colour to match your surroundings (Stealth+).
Your rubbery body absorbs attacks. (AC +1, EV +1)


Message History

Confirm with . or Enter, or press ? or * to list all spells.
You conjure some foxfire!
The foxfire hits Crazy Yiuf.
Crazy Yiuf is moderately wounded.
The foxfire hits Crazy Yiuf but does no damage.
Crazy Yiuf is moderately wounded.
Crazy Yiuf hits you with a +2 quarterstaff of chaos!
You are poisoned.
Casting: Foxfire (safe; 5% risk of failure)
Confirm with . or Enter, or press ? or * to list all spells.
You conjure some foxfire!
You feel sick. Crazy Yiuf barely misses you.
You feel sick.
The foxfire hits Crazy Yiuf.
Crazy Yiuf is moderately wounded.
The foxfire hits Crazy Yiuf.
Crazy Yiuf is moderately wounded.
Crazy Yiuf says, "Whiteboard!
Orb ena bush."
Crazy Yiuf hits you with a +2 quarterstaff of chaos!
You are electrocuted!
Ouch! That really hurt!
You die...

........#
##..##########........
........#
#..........##..†.....
........#
#.>........##........
#....####
#..........##........
#....#
#..........#.........
#....#
#..........#.........
#....#
#..........#........#
#....#
##+..'###..#........#
#....# #..@.#
#..#......... #....#
#P.g.# #..#.........
#....# ##...#
####........# #....#
##.## ####........#
#....# ##.#
#..'......... #....#
#§## #.##.........
###### ##§#
#.##........# #g##
#.###+####+.# #'# #.#
#........


You could see Crazy Yiuf.

Vanquished Creatures
  2 adders (D:2)
  A worm (D:2)
  2 dart slugs (D:2)
  A leopard gecko (D:1)
  7 goblins
  8 hobgoblins
  4 jackals (D:2)
  6 bats
  6 frilled lizards
  5 kobolds
  3 rats
45 creatures vanquished.

Vanquished Creatures (others)
  76 foxfires
  2 fungi (D:2)
78 creatures vanquished.

Grand Total: 123 creatures vanquished

Notes
Turn   | Place    | Note
-------+----------+-------------------------------------------
     0 | D:1      | Qrupt the Octopode Fire Elementalist began the quest for
                  | the Orb.
     0 | D:1      | Reached XP level 1. HP: 11/11 MP: 3/3
   153 | D:1      | Reached XP level 2. HP: 17/17 MP: 1/5
   961 | D:2      | Reached XP level 3. HP: 17/21 MP: 3/6
  1035 | D:2      | Noticed Sigmund
  1501 | D:2      | Reached XP level 4. HP: 27/27 MP: 5/7
  1763 | D:2      | Found a runed translucent door.
  1764 | D:2      | Noticed Crazy Yiuf
  2141 | D:2      | Learned a level 4 spell: Sticky Flame
  2294 | D:2      | Mangled by Crazy Yiuf

Illustrated notes

Levels and vault maps discovered:
D:1:      wander_arrival_chamber, layout_basic, minmay_crystal_room,
          amcnicky_mini_rare_corridor_liquid
D:2:      layout_basic, palyth_stone_intersect, uniq_sigmund,
          uniq_crazy_yiuf_cottage

Skill      XL: |  1  2 |
---------------+-------+-----
Stealth        | 3 |  3.6
Dodging        | |  2.6
Spellcasting   | |  2.5
Conjurations   | |  1.9
Fire Magic     | |  3.4

Action                   |  1- 3 |  4- 6 || total
-------------------------+-------+-------++-------
Melee: Unarmed           |    12 |       ||    12
       Constrict         |     8 |     7 ||    15
       Tentacles         |     3 |     7 ||    10
       Dagger            |    10 |    27 ||    37
 Cast: Foxfire           |    44 |     3 ||    47
 Stab: Sleeping          |     4 |     4 ||     8
Armor: Skin              |     6 |       ||     6
Dodge: Dodged            |    31 |    10 ||    41
